 Dungeon Crawl Stone Soup version 0.28.0-45-g0d030f2227 (webtiles) character file.

Game seed: 16659988416435244215

43 croobank the Firebug (level 3, -6/29 HPs)
             Began as a Draconian Fire Elementalist on Apr 15, 2022.
             Mangled by Terence
             ... wielding a +0 hand axe
              (8 damage)
             ... on level 2 of the Dungeon.
             The game lasted 00:07:30 (1631 turns).

croobank the Firebug (Draconian Fire Elementalist)  Turns: 1631, Time: 00:07:31

Health: -6/29      AC:  5    Str:  9 (10) XL:     3   Next: 37%
Magic:  0/6        EV: 12    Int: 16 (17) God:
Gold:   62         SH:  0    Dex:  8 (11) Spells: 3/6 levels left

rFire   . . .      SeeInvis .   a - +1 dagger
rCold   . . .      Faith    .   (no shield)
rNeg    . . .      Spirit   .   (armour unavailable)
rPois   .          Reflect  .   (helmet restricted)
rElec   .          Harm     .   (no cloak)
rCorr   .          Rampage  .   (no gloves)
Will    .....                   (no boots)
Stlth   ++........              (no amulet)
HPRegen 0.09/turn               (no ring)
MPRegen 0.10/turn               (no ring)

@: no status effects
A: AC +5, unfitting armour, cold-blooded
a: no special abilities


You were on level 2 of the Dungeon.
You visited 1 branch of the dungeon, and saw 2 of its levels.

You collected 62 gold pieces.

Inventory:

Hand Weapons
 a - a +1 dagger (weapon)
Missiles
 c - 15 stones
 e - 23 bolts
 h - 12 arrows
Armour
 g - a +0 pair of gloves
Scrolls
 d - a scroll of identify {unknown}


   Skills:
 + Level 2.1 Fighting
 - Level 2.0 Dodging
 - Level 2.0 Stealth
 - Level 2.2 Spellcasting
 - Level 1.3 Conjurations
 - Level 3.2 Fire Magic


You had 3 spell levels left.
You knew the following spells:

 Your Spells              Type           Power      Damage    Failure   Level
a - Foxfire               Conj/Fire      36%        2x1d5     8%          1
b - Scorch                Fire           24%        2d6       9%          2

Your spell library contained the following spells:

 Spells                   Type           Power      Damage    Failure   Level
 Shock                    Conj/Air       12%        1d3       16%         1
 Conjure Flame            Conj/Fire      9%         6-21      24%         3
 Inner Flame              Hex/Fire       6%         N/A       32%         3
 Ignite Poison            Fire/Tmut/Pois 5%         N/A       36%         3
 Flame Wave               Conj/Fire      9%         2d5       61%         4
 Conjure Ball Lightning   Conj/Air       1%         3x3d6     100%        6
 Starburst                Conj/Fire      4%         6d4       100%        6


Dungeon Overview and Level Annotations

Branches:
Dungeon (2/15)

Altars:
Ru

Annotations:
D:2 Terence


Innate Abilities, Weirdness & Mutations

Your plain brown scales are hard. (AC +5)
You cannot fit into any form of body armour.
You are cold-blooded and may be slowed by cold attacks.


Message History

The quokka bites you but does no damage.
Terence barely misses you. The quokka closely misses you.
You barely miss Terence.
Terence is severely wounded.
Terence hits you with a +0 hand axe. The quokka closely misses you.
You hit Terence but do no damage.
Terence is severely wounded.
Terence hits you with a +0 hand axe! The quokka closely misses you.
The quokka bites you but does no damage.
There is a stone staircase leading up here.
Casting: Foxfire (safe; 8% risk of failure)
Confirm with . or Enter, or press ? or * to list all spells.
You conjure some foxfire!
The quokka closely misses you. Terence hits you with a +0 hand axe.
* * * LOW HITPOINT WARNING * * *
Terence hits your foxfire with a +0 hand axe.
The quokka completely misses you.
You hit Terence.
Terence is almost dead.
The foxfire hits Terence but does no damage.
Terence is almost dead.
The foxfire hits the quokka.
The quokka is moderately wounded.
Terence misses you.
The quokka bites you but does no damage.
It was a potion of degeneration.
There was something very wrong with that liquid.
You feel weakened.
You feel dopey.
You feel clumsy. Terence says, "Did you write a will?
You should..."
Terence completely misses you. The quokka completely misses you.
As you read the scroll labelled JEVVUSTR VEIN, it crumbles to dust.
It is a scroll of enchant weapon.
Your +0 dagger glows red for a moment.
Terence hits you with a +0 hand axe.
* * * LOW HITPOINT WARNING * * *
The quokka barely misses you. The quokka misses you.
You barely miss Terence.
Your tail-slap misses Terence.
Terence is severely wounded.
Terence hits you with a +0 hand axe!
You die...

########.#
#........#
#........# #
##..####..##.###[
....###..........
# #........#.###.
#.#.#..<.#.# #
#....#@#...##
#....@......#
#.##...####.#
#...... .#
#..#.#....#
#..#......#
######.##.# . # #


You could see Terence.

Vanquished Creatures
  A dart slug (D:1)
  4 ball pythons
  6 endoplasms
  9 goblins
  A hobgoblin (D:2)
  2 jackals (D:1)
  3 quokkas (D:1)
  4 bats
  2 frilled lizards (D:1)
  2 kobolds (D:1)
  4 rats
38 creatures vanquished.

Vanquished Creatures (others)
  72 foxfires
  16 plants (D:1)
88 creatures vanquished.

Grand Total: 126 creatures vanquished

Notes
Turn   | Place    | Note
-------+----------+-------------------------------------------
     0 | D:1      | croobank the Draconian Fire Elementalist began the quest
                  | for the Orb.
     0 | D:1      | Reached XP level 1. HP: 14/14 MP: 3/3
    48 | D:1      | Got the Collected Works on Damaging Envenoming
   207 | D:1      | Reached XP level 2. HP: 20/20 MP: 0/5
   241 | D:1      | HP: 1/20 [quokka (3)]
   563 | D:1      | Found a faded altar of an unknown god.
   697 | D:1      | Learned a level 2 spell: Scorch
   767 | D:1      | Reached skill level 1 in Fighting
   893 | D:1      | Reached XP level 3. HP: 28/28 MP: 1/6
  1459 | D:2      | Found a sacrificial altar of Ru.
  1602 | D:2      | Noticed Terence
  1631 | D:2      | Mangled by Terence

Illustrated notes

Levels and vault maps discovered:
D:1:      dpeg_arrival_court, layout_basic,
          hellmonk_ecumenical_altar_heavens_door, serial_bayou_lagoon_a,
          serial_bayou_pond_b, minmay_unequal
D:2:      layout_basic, basic_altar, uniq_terence

Skill      XL: |  1  2  3 |
---------------+----------+-----
Stealth        | 2 |  2.0
Dodging        | 2 |  2.0
Fighting       | 1 2 |  2.1
Spellcasting   | |  2.2
Conjurations   | |  1.3
Fire Magic     | |  3.2

Action                   || total
-------------------------++-------
Melee: Unarmed           ||    16
       Dagger            ||    27
       Tailslap          ||     5
 Cast: Foxfire           ||    44
       Scorch            ||     6
  Use: Scroll            ||     2
       Potion            ||     1
Armor: Skin              ||    22
Dodge: Dodged            ||    71
